TOP OF THE 1ST |
Arkansas Travelers batting - Pitching for Trenton Thunder : LHP Armando Florez
|
Pitching: LHP Armando Florez
|
|
Batting: RHB Bjoern Waltersson
|
0-0: Ball 1-0: Ball 2-0: Ball 3-0: Base on Balls
|
Batting: RHB Jasper Burd
|
0-0: Ball 1-0: Called Strike 1-1: Ball 2-1: Foul Ball, location: 2F 2-2: Foul Ball, location: 2F 2-2: Ball 3-2: Base on Balls Bjoern Waltersson to second
|
Batting: LHB Matt Calitri
|
0-0: Called Strike Bjoern Waltersson steals 3rd base 0-1: SINGLE (Groundball, 4MD, EV 106.2 MPH) Bjoern Waltersson scores Jasper Burd to second
|
Batting: RHB Jose Pineda
|
0-0: Ball 1-0: Ball 2-0: Called Strike 2-1: Fielders Choice at 2nd, 1-6 (Groundball, 13, EV 65.0 MPH) Jasper Burd to third
|
Batting: SHB Mario Padron
|
0-0: Ball Jose Pineda steals 2nd base 1-0: Ball 2-0: Foul Ball, location: 2F 2-1: Foul Ball, location: 2F 2-2: Ball 3-2: Foul Ball, location: 2F 3-2: Foul Ball, location: 2F 3-2: Foul Ball, location: 2F 3-2: Ground out 6-3 (Groundball, 6, EV 90.6 MPH) Jasper Burd scores Jose Pineda to third
|
Batting: LHB Tyler Meier
|
0-0: Ball 1-0: Fly out, F8 (Flyball, 8RXD, EV 105.0 MPH)
|
Top of the 1st over - 2 runs, 1 hit, 0 errors, 1 left on base; Arkansas 2 - Trenton 0 |
BOTTOM OF THE 1ST |
Trenton Thunder batting - Pitching for Arkansas Travelers : RHP Mike Tallerico
|
Pitching: RHP Mike Tallerico
|
|
Batting: RHB Hector Padilla
|
0-0: Called Strike 0-1: Ball 1-1: Foul Ball, location: 2F 1-2: Ball 2-2: Fly out, F9 (Flyball, 9D, EV 95.6 MPH)
|
Batting: SHB David Bantista
|
0-0: Called Strike 0-1: Ball 1-1: Fly out, F8 (Line Drive, 8LM, EV 100.6 MPH)
|
Batting: RHB Jeremy Lewis
|
0-0: Ball 1-0: Ball 2-0: Called Strike 2-1: Fly out, F9 (Flyball, 89M, EV 86.2 MPH)
|
Bottom of the 1st over - 0 runs, 0 hits, 0 errors, 0 left on base; Arkansas 2 - Trenton 0 |
TOP OF THE 2ND |
Arkansas Travelers batting - Pitching for Trenton Thunder : LHP Armando Florez
|
Batting: LHB Barrfhionn O'Toole
|
0-0: Foul Ball, location: 2F 0-1: Foul Ball, location: 2F 0-2: Ball 1-2: Ball 2-2: Foul Ball, location: 2F 2-2: Fly out, F8 (Flyball, 78XD, EV 91.2 MPH)
|
Batting: RHB David Young
|
0-0: Ball 1-0: Ball 2-0: DOUBLE (Line Drive, 89D, EV 105.0 MPH)
|
Batting: RHB Roberto Martinez
|
0-0: Called Strike 0-1: Swinging Strike 0-2: Ball 1-2: Strikes out swinging
|
Batting: RHB Bjoern Waltersson
|
0-0: SINGLE (Line Drive, 7LS, EV 96.9 MPH) David Young to third
|
Batting: RHB Jasper Burd
|
0-0: Ball 1-0: Foul Ball, location: 2F 1-1: Ball 2-1: Called Strike 2-2: Foul Ball, location: 2F 2-2: Ball 3-2: Base on Balls Bjoern Waltersson to second
|
Batting: LHB Matt Calitri
|
0-0: Swinging Strike 0-1: Ball 1-1: Foul Ball, location: 2F 1-2: Foul Ball, location: 2F 1-2: Strikes out swinging
|
Top of the 2nd over - 0 runs, 2 hits, 0 errors, 3 left on base; Arkansas 2 - Trenton 0 |
BOTTOM OF THE 2ND |
Trenton Thunder batting - Pitching for Arkansas Travelers : RHP Mike Tallerico
|
Batting: LHB Ryan Rodgers
|
0-0: Called Strike 0-1: Called Strike 0-2: Foul Ball, location: 2F 0-2: Hit by Pitch
|
Batting: SHB Bobby Reynolds
|
0-0: Foul Ball, location: 2F 0-1: Fly out, F9 (Flyball, 9, EV 86.2 MPH)
|
Batting: RHB Jose Garza
|
0-0: Called Strike 0-1: Ball 1-1: Called Strike 1-2: Fly out, F4 (Line Drive, 4, EV 64.4 MPH)
|
Batting: RHB Herb Craig
|
0-0: Ball 1-0: Called Strike 1-1: Ground out 4-3 (Groundball, 4, EV 80.0 MPH)
|
Bottom of the 2nd over - 0 runs, 0 hits, 0 errors, 1 left on base; Arkansas 2 - Trenton 0 |
TOP OF THE 3RD |
Arkansas Travelers batting - Pitching for Trenton Thunder : LHP Armando Florez
|
Batting: RHB Jose Pineda
|
0-0: Ball 1-0: Called Strike 1-1: Ground out 6-3 (Groundball, 15, EV 85.6 MPH)
|
Batting: SHB Mario Padron
|
0-0: Ball 1-0: Called Strike 1-1: Ground out 4-3 (Groundball, 4, EV 86.9 MPH)
|
Batting: LHB Tyler Meier
|
0-0: Swinging Strike 0-1: Swinging Strike 0-2: Ball 1-2: Ground out 4-3 (Groundball, 34D, EV 105.0 MPH)
|
Top of the 3rd over - 0 runs, 0 hits, 0 errors, 0 left on base; Arkansas 2 - Trenton 0 |
BOTTOM OF THE 3RD |
Trenton Thunder batting - Pitching for Arkansas Travelers : RHP Mike Tallerico
|
Batting: RHB John Rodd
|
0-0: Ball 1-0: Foul Ball, location: 2F 1-1: Swinging Strike 1-2: Ground out 2-3 (Groundball, 15S, EV 71.9 MPH)
|
Batting: RHB Eric Blais
|
0-0: Ground out 6-3 (Groundball, 6, EV 98.1 MPH)
|
Batting: RHB Hector Padilla
|
0-0: SINGLE (Groundball, 56D, EV 104.4 MPH)
|
Batting: SHB David Bantista
|
0-0: Called Strike 0-1: Ball Hector Padilla is caught stealing 2nd base 2-6
|
Bottom of the 3rd over - 0 runs, 1 hit, 0 errors, 0 left on base; Arkansas 2 - Trenton 0 |
TOP OF THE 4TH |
Arkansas Travelers batting - Pitching for Trenton Thunder : LHP Armando Florez
|
Batting: LHB Barrfhionn O'Toole
|
0-0: Ball 1-0: Called Strike 1-1: Ground out 4-3 (Groundball, 34D, EV 111.2 MPH)
|
Batting: RHB David Young
|
0-0: Called Strike 0-1: Called Strike 0-2: Strikes out swinging
|
Batting: RHB Roberto Martinez
|
0-0: Called Strike 0-1: Called Strike 0-2: Strikes out swinging
|
Top of the 4th over - 0 runs, 0 hits, 0 errors, 0 left on base; Arkansas 2 - Trenton 0 |
BOTTOM OF THE 4TH |
Trenton Thunder batting - Pitching for Arkansas Travelers : RHP Mike Tallerico
|
Batting: SHB David Bantista
|
0-0: Called Strike 0-1: Ball 1-1: Swinging Strike 1-2: Foul Ball, location: 2F 1-2: Foul Ball, location: 2F 1-2: Ball 2-2: Fly out, F9 (Flyball, 9S, EV 95.6 MPH)
|
Batting: RHB Jeremy Lewis
|
0-0: SINGLE (Flyball, 6MD, EV 90.0 MPH)
|
Batting: LHB Ryan Rodgers
|
0-0: Ball 1-0: Ball 2-0: Ball 3-0: Called Strike 3-1: Base on Balls Jeremy Lewis to second
|
Batting: SHB Bobby Reynolds
|
0-0: Ball 1-0: TRIPLE (Flyball, 78XD, EV 105.0 MPH) Jeremy Lewis scores Ryan Rodgers scores
|
Batting: RHB Jose Garza
|
0-0: Called Strike 0-1: Foul Ball, location: 2F 0-2: Foul Ball, location: 2F 0-2: Ball 1-2: Foul Ball, location: 2F 1-2: Ball 2-2: Fly out, F9 (Flyball, 9, EV 89.4 MPH) Runner from 3rd tags up, SCORES, throw by RF
|
Batting: RHB Herb Craig
|
0-0: Ball 1-0: Foul Ball, location: 2F 1-1: Foul Ball, location: 2F 1-2: Foul Ball, location: 2F 1-2: Ball 2-2: Foul Ball, location: 2F 2-2: Foul Ball, location: 2F 2-2: Foul Ball, location: 2F 2-2: Ball 3-2: SINGLE (Groundball, 56D, EV 94.4 MPH)
|
Batting: RHB John Rodd
|
0-0: Swinging Strike 0-1: Swinging Strike 0-2: Foul Ball, location: 2F 0-2: Strikes out swinging
|
Bottom of the 4th over - 3 runs, 3 hits, 0 errors, 1 left on base; Arkansas 2 - Trenton 3 |
TOP OF THE 5TH |
Arkansas Travelers batting - Pitching for Trenton Thunder : LHP Armando Florez
|
Batting: RHB Bjoern Waltersson
|
0-0: Ball 1-0: SOLO HOME RUN (Line Drive, 9D, EV 102.5 MPH), Distance : 395 ft
|
Batting: RHB Jasper Burd
|
0-0: Ground out 6-3 (Groundball, 56D, EV 85.0 MPH)
|
Batting: LHB Matt Calitri
|
0-0: Ball 1-0: Foul Ball, location: 2F 1-1: Ground out U3 (Groundball, 3, EV 85.0 MPH)
|
Batting: RHB Jose Pineda
|
0-0: Foul Ball, location: 2F 0-1: Ball 1-1: Ball 2-1: Ball 3-1: DOUBLE (Line Drive, 9LM, EV 102.5 MPH)
|
Batting: SHB Mario Padron
|
0-0: Called Strike 0-1: Ball 1-1: Ball 2-1: Swinging Strike 2-2: Ball 3-2: Strikes out swinging
|
Top of the 5th over - 1 run, 2 hits, 0 errors, 1 left on base; Arkansas 3 - Trenton 3 |
BOTTOM OF THE 5TH |
Trenton Thunder batting - Pitching for Arkansas Travelers : RHP Mike Tallerico
|
Batting: RHB Eric Blais
|
0-0: Swinging Strike 0-1: Ball 1-1: Ball 2-1: Foul Ball, location: 2F 2-2: Ground out 6-3 (Groundball, 6, EV 78.8 MPH)
|
Batting: RHB Hector Padilla
|
0-0: Called Strike 0-1: Foul Ball, location: 2F 0-2: Fly out, F8 (Line Drive, 8LM, EV 104.4 MPH)
|
Batting: SHB David Bantista
|
0-0: Ground out U3 (Groundball, 3, EV 77.5 MPH)
|
Bottom of the 5th over - 0 runs, 0 hits, 0 errors, 0 left on base; Arkansas 3 - Trenton 3 |
TOP OF THE 6TH |
Arkansas Travelers batting - Pitching for Trenton Thunder : LHP Armando Florez
|
Pitching: LHP Travis Lowy
|
|
Pinch Hitting: RHB Oren Jones
|
0-0: Called Strike 0-1: Ball 1-1: Hit by Pitch
|
Batting: LHB Barrfhionn O'Toole
|
Balk! Oren Jones to second 0-0: Called Strike 0-1: Ball 1-1: Ball 2-1: Swinging Strike 2-2: Fly out, F7 (Flyball, 7LM, EV 91.9 MPH)
|
Batting: RHB David Young
|
0-0: Ball 1-0: Ball 2-0: Ball 3-0: Foul Ball, location: 2F 3-1: Foul Ball, location: 2F 3-2: Ground out 4-3 (Groundball, 4, EV 84.4 MPH) Oren Jones to third
|
Batting: RHB Roberto Martinez
|
0-0: Ball 1-0: Called Strike 1-1: Ball 2-1: Ground out 4-3 (Groundball, 4, EV 80.0 MPH)
|
Top of the 6th over - 0 runs, 0 hits, 0 errors, 1 left on base; Arkansas 3 - Trenton 3 |
BOTTOM OF THE 6TH |
Trenton Thunder batting - Pitching for Arkansas Travelers : RHP Mike Tallerico
|
Now at 1B: Oren Jones
|
|
Batting: RHB Jeremy Lewis
|
0-0: Ground out 4-3 (Groundball, 34, EV 85.6 MPH)
|
Batting: LHB Ryan Rodgers
|
0-0: Ball 1-0: Called Strike 1-1: Ball 2-1: Swinging Strike 2-2: Ball 3-2: Foul Ball, location: 2F 3-2: Base on Balls
|
Batting: SHB Bobby Reynolds
|
0-0: Ball 1-0: SINGLE (Flyball, 89S, EV 93.1 MPH) Ryan Rodgers to second
|
Batting: RHB Jose Garza
|
0-0: Called Strike 0-1: Ball 1-1: Foul Ball, location: 2F 1-2: Ball 2-2: Ground out 3-1 (Groundball, 34S, EV 90.0 MPH) Ryan Rodgers to third Bobby Reynolds to second
|
Pitching: RHP Erick Vazquez
|
|
Batting: RHB Herb Craig
|
0-0: Called Strike 0-1: Ball 1-1: Foul Ball, location: 2F 1-2: Ball 2-2: Ball 3-2: Foul Ball, location: 2F 3-2: Foul Ball, location: 2F 3-2: Foul Ball, location: 2F 3-2: Foul Ball, location: 2F 3-2: Fly out, F4 (Line Drive, 4, EV 63.1 MPH)
|
Bottom of the 6th over - 0 runs, 1 hit, 0 errors, 2 left on base; Arkansas 3 - Trenton 3 |
TOP OF THE 7TH |
Arkansas Travelers batting - Pitching for Trenton Thunder : LHP Travis Lowy
|
Pitching: RHP Katsuyoshi Yoshikawa
|
|
Batting: RHB Bjoern Waltersson
|
0-0: Ball 1-0: Foul Ball, location: 2F 1-1: Foul Ball, location: 2F 1-2: Ball 2-2: Ball 3-2: Fly out, F7 (Flyball, 7D, EV 78.1 MPH)
|
Batting: RHB Jasper Burd
|
0-0: Ball 1-0: Foul Ball, location: 2F 1-1: Ball 2-1: Called Strike 2-2: Strikes out swinging
|
Batting: LHB Matt Calitri
|
0-0: Called Strike 0-1: Ball 1-1: Ball 2-1: Ball 3-1: Base on Balls
|
Batting: RHB Jose Pineda
|
0-0: Called Strike 0-1: Ball 1-1: Ball 2-1: Swinging Strike 2-2: Ball 3-2: Foul Ball, location: 2F 3-2: Foul Ball, location: 2F 3-2: Strikes out swinging
|
Top of the 7th over - 0 runs, 0 hits, 0 errors, 1 left on base; Arkansas 3 - Trenton 3 |
BOTTOM OF THE 7TH |
Trenton Thunder batting - Pitching for Arkansas Travelers : RHP Erick Vazquez
|
Batting: RHB John Rodd
|
0-0: Foul Ball, location: 2F 0-1: Fly out, F9 (Flyball, 89M, EV 93.1 MPH)
|
Batting: RHB Eric Blais
|
0-0: SINGLE (Groundball, 4MD, EV 95.6 MPH)
|
Batting: RHB Hector Padilla
|
0-0: Called Strike 0-1: Ball 1-1: Called Strike 1-2: Fly out, F8 (Flyball, 8RD, EV 90.6 MPH)
|
Batting: SHB David Bantista
|
0-0: Called Strike 0-1: Swinging Strike 0-2: Ball Eric Blais steals 2nd base 1-2: Ball 2-2: Ball 3-2: Base on Balls
|
Batting: RHB Jeremy Lewis
|
0-0: Called Strike 0-1: Ball 1-1: Swinging Strike 1-2: Ball 2-2: Strikes out swinging
|
Bottom of the 7th over - 0 runs, 1 hit, 0 errors, 2 left on base; Arkansas 3 - Trenton 3 |
TOP OF THE 8TH |
Arkansas Travelers batting - Pitching for Trenton Thunder : RHP Katsuyoshi Yoshikawa
|
Pitching: RHP Brandon Woodroffe
|
|
Batting: SHB Mario Padron
|
0-0: Ball 1-0: Ball 2-0: Called Strike 2-1: Called Strike 2-2: Foul Ball, location: 2F 2-2: Strikes out swinging
|
Batting: RHB Oren Jones
|
0-0: DOUBLE (Flyball, 8LXD, EV 95.0 MPH)
|
Batting: LHB Barrfhionn O'Toole
|
0-0: Intentional Walk
|
Batting: RHB David Young
|
0-0: Grounds into double play, 6-4-3 (Groundball, 6, EV 80.0 MPH)
|
Top of the 8th over - 0 runs, 1 hit, 0 errors, 1 left on base; Arkansas 3 - Trenton 3 |
BOTTOM OF THE 8TH |
Trenton Thunder batting - Pitching for Arkansas Travelers : RHP Erick Vazquez
|
Pitching: RHP Jason Smallwood
|
|
Batting: LHB Ryan Rodgers
|
0-0: Ball 1-0: Swinging Strike 1-1: Ball 2-1: SINGLE (Groundball, 4MD, EV 97.5 MPH)
|
Batting: SHB Bobby Reynolds
|
0-0: SINGLE (Groundball, 4MD, EV 105.6 MPH) Ryan Rodgers to second
|
Batting: RHB Jose Garza
|
0-0: Ball 1-0: Bunt missed! 1-1: Bunt missed! 1-2: Fly out, F8 (Flyball, 8RD, EV 95.6 MPH)
|
Batting: RHB Herb Craig
|
0-0: Called Strike 0-1: Ball 1-1: Ball 2-1: Bunted foul 2-2: Foul Ball, location: 2F 2-2: Grounds into double play, 4-6-3 (Groundball, 34, EV 104.4 MPH)
|
Bottom of the 8th over - 0 runs, 2 hits, 0 errors, 1 left on base; Arkansas 3 - Trenton 3 |
TOP OF THE 9TH |
Arkansas Travelers batting - Pitching for Trenton Thunder : RHP Brandon Woodroffe
|
Pitching: RHP Jeff Katechis
|
|
Batting: RHB Roberto Martinez
|
0-0: Ball 1-0: Foul Ball, location: 2F 1-1: Foul Ball, location: 2F 1-2: Ball 2-2: Strikes out looking
|
Batting: RHB Bjoern Waltersson
|
0-0: Called Strike 0-1: Ball 1-1: Ball 2-1: Fly out, F7 (Line Drive, 7, EV 97.5 MPH)
|
Batting: RHB Jasper Burd
|
0-0: Ball 1-0: Foul Ball, location: 2F 1-1: Ball 2-1: Ball 3-1: Called Strike 3-2: Fly out, F9 (Flyball, 9LM, EV 91.2 MPH)
|
Top of the 9th over - 0 runs, 0 hits, 0 errors, 0 left on base; Arkansas 3 - Trenton 3 |
BOTTOM OF THE 9TH |
Trenton Thunder batting - Pitching for Arkansas Travelers : RHP Jason Smallwood
|
Pitching: RHP Harambe Vick
|
|
Batting: RHB John Rodd
|
0-0: Ball 1-0: Called Strike 1-1: SOLO HOME RUN (Flyball, 9LD, EV 92.5 MPH), Distance : 351 ft
|
Bottom of the 9th over - 1 run, 1 hit, 0 errors, 0 left on base; Arkansas 3 - Trenton 4 |
|
Game Over ... Trenton defeats Arkansas, 4 to 3
|
|
|